 Dungeon Crawl Stone Soup version 0.28.0-62-gf88900778d (webtiles) character file.

Game seed: 16982891751182718742

293 cbfl8 the Chopper (level 6, 0/53 HPs)
             Began as a Minotaur Abyssal Knight on Apr 30, 2023.
             Was a Believer of Lugonu.
             Slain by Pikel
             ... wielding a +2 whip of freezing
              (2 damage)
             ... on level 4 of the Dungeon.
             The game lasted 00:04:23 (4385 turns).

cbfl8 the Chopper (Minotaur Abyssal Knight)         Turns: 4385, Time: 00:04:24

Health: 0/53       AC: 11    Str: 23    XL:     6   Next: 11%
Magic:  6/6        EV:  8    Int:  7    God:    Lugonu [**....]
Gold:   126        SH:  0    Dex: 13    Spells: 5/5 levels left

rFire   . . .      SeeInvis .   a - +1 hand axe
rCold   . . .      Faith    .   i - orb {*Rage}
rNeg    . . .      Spirit   .   d - +1 chain mail
rPois   .          Reflect  .   (helmet restricted)
rElec   .          Harm     .   (no cloak)
rCorr   .          Rampage  .   e - +0 pair of gloves
Will    .....      Rage     20% (no boots)
Stlth   ..........              (no amulet)
HPRegen 0.17/turn               b - ring of flight
MPRegen 0.10/turn               g - +6 ring of strength

@: on berserk cooldown, flying, hasted, very quick
A: horns 2, retaliatory headbutt
a: Renounce Religion, Depart the Abyss, Bend Space


You were on level 4 of the Dungeon.
You worshipped Lugonu.
Lugonu was pleased with you.
You visited 1 branch of the dungeon, and saw 4 of its levels.
You visited the Abyss 1 time.

You collected 126 gold pieces.

Inventory:

Hand Weapons
 a - a +1 hand axe (weapon)
Armour
 d - a +1 chain mail (worn)
 e - a +0 pair of gloves (worn)
 i - an orb of wrath (worn)
Jewellery
 b - a ring of flight (left hand)
 g - a +6 ring of strength (right hand)
Scrolls
 f - a scroll of enchant armour
 h - a scroll of blinking {unknown}
 j - a scroll of fear {unknown}
 k - a scroll of amnesia {unknown}


   Skills:
 + Level 4.6 Fighting
 + Level 5.0 Axes
 + Level 4.5 Armour
 + Level 1.2 Dodging
 + Level 1.9 Invocations
 * Level 2.2 Evocations


You had 5 spell levels left.
You didn't know any spells.
Your spell library contained the following spells:

 Spells                   Type           Power      Damage    Failure   Level
 Shock                    Conj/Air       0%         1d3       98%         1
 Swiftness                Air            0%         N/A       100%        3
 Airstrike                Air            0%         N/A       100%        4


Dungeon Overview and Level Annotations

Branches:
Dungeon (4/15)
 Temple: D:4-7

Altars:
Wu Jian

Annotations:
D:4 Grinder, Pikel


Innate Abilities, Weirdness & Mutations

You have a pair of horns on your head.
You reflexively headbutt those who attack you in melee.


Message History

Unknown command.
You are too injured to fight recklessly!
You hit Grinder. Your headbutt misses Grinder.
Grinder is lightly wounded.
You hit Pikel but do no damage. Grinder gestures at you.
You shrug off the repeated paralysis!
Pikel hits you but does no damage.
The lemure shouts!
You hit Grinder. Your headbutt misses Grinder.
Grinder is moderately wounded.
You hit Pikel. Grinder hits you.
* * * LOW HITPOINT WARNING * * *
You writhe in agony.
* * * LOW HITPOINT WARNING * * *
Pikel closely misses you. Grinder gestures at you.
You resist with significant effort. Pikel closely misses you.
It was a potion of haste.
You feel yourself speed up. Grinder hits you but does no damage.
Pikel hits you with a +2 whip of freezing.
* * * LOW HITPOINT WARNING * * *
Pikel freezes you.
* * * LOW HITPOINT WARNING * * *
It was a potion of curing.
You feel better. Grinder hits you but does no damage.
Pikel hits you with a +2 whip of freezing.
* * * LOW HITPOINT WARNING * * *
Pikel freezes you.
* * * LOW HITPOINT WARNING * * *
You feel yourself speed up.
The lemure shouts!
Grinder gestures at you. You resist with significant effort.
As you read the scroll labelled MIZAKA IMUU, it crumbles to dust.
It is a scroll of enchant armour.
Your +0 chain mail glows green for a moment.
Pikel hits you with a +2 whip of freezing!
* * * LOW HITPOINT WARNING * * *
Pikel freezes you.
You die...

.. #.##.... #.######....#
####### ##.##......#.# .#
#...... #..<.........# #
#.# #..>...
#.##......(.#### ## #.#
#......##.###....#...<.#
.# #.#
#......5555........###.#
.####.# #...###K#
##......## #g# ....#.#
#..#8..@#..8#....## #.#
....#.##
#..#...#....#...## #.#
##.....###..#....#...#...#
#g# ###)).)†...).#.#.#.##
##g# #.#..#...##.#.#.#.'
#$.. #.##.###.#...#....#.
#... #..#..##.#....#...# #
#... ##.....#.#8..#...8#
#... ###...#..####'###.
....


You could see Pikel, Grinder and a lemure.

Vanquished Creatures
  A gnoll shaman (D:3)
  A jelly (D:4)
  An orc priest (D:4)
  An orc wizard (D:4)
  A hound skeleton (D:4)
  Robin (D:4)
  6 adders
  3 gnolls
  4 worms
  A dart slug (D:1)
  2 orcs (D:4)
  4 endoplasms
  4 giant cockroaches
  10 goblins
  5 hobgoblins
  2 jackals (D:1)
  6 ball pythons
  3 bats
  A frilled lizard (D:1)
  6 kobolds
  7 rats
70 creatures vanquished.

Notes
Turn   | Place    | Note
-------+----------+-------------------------------------------
     0 | Abyss:1  | cbfl8 the Minotaur Abyssal Knight began the quest for the
                  | Orb.
     0 | Abyss:1  | Reached XP level 1. HP: 19/19 MP: 1/1
    74 | Abyss:1  | Noticed a golden eye
   131 | D:1      | Escaped the Abyss
   569 | D:1      | Reached XP level 2. HP: 27/27 MP: 2/2
   603 | D:1      | Reached * piety under Lugonu
   937 | D:2      | Reached XP level 3. HP: 15/33 MP: 3/3
  1208 | D:2      | Identified the +5 ring mail of Duty {*Slow Will+ Stlth+}
  1338 | D:2      | Reached skill level 3 in Axes
  1693 | D:2      | Reached skill level 1 in Evocations
  1738 | D:2      | Found a faded altar of an unknown god.
  2260 | D:3      | Reached XP level 4. HP: 37/41 MP: 4/4
  2960 | D:3      | Reached skill level 4 in Axes
  3364 | D:4      | HP: 2/41 [orc priest/divine providence (10)]
  3374 | D:4      | Reached XP level 5. HP: 35/47 MP: 5/5
  3768 | D:4      | Found an ornate altar of the Wu Jian Council.
  3850 | D:4      | Noticed a lemure
  3850 | D:4      | Noticed Grinder
  3852 | D:4      | Noticed a lemure
  3853 | D:4      | Noticed a lemure
  3989 | D:4      | Reached ** piety under Lugonu
  4248 | D:4      | Noticed Robin
  4257 | D:4      | Killed Robin
  4258 | D:4      | Reached XP level 6. HP: 53/53 MP: 6/6
  4315 | D:4      | Reached skill level 5 in Axes
  4376 | D:4      | Noticed Pikel
  4378 | D:4      | Paralysed by Grinder for 2 turns
  4385 | D:4      | HP: 2/53 [Pikel/+2 whip of freezing (9)]
  4385 | D:4      | Slain by Pikel

Illustrated notes

Levels and vault maps discovered:
D:1:      mushboom_english_gardens, layout_loops_ring, minmay_misc_feat_doors
D:2:      layout_basic, hellmonk_ecumenical_altar_slurped_away
D:3:      layout_basic
D:4:      layout_rooms, general_overflow_altar, minivault_1, uniq_robin,
          uniq_grinder, uniq_pikel

Skill      XL: |  1  2  3  4  5  6 |
---------------+-------------------+-----
Fighting       | 4 |  4.6
Axes           | 3 4 5 |  5.0
Armour         | 3 4 |  4.5
Evocations     | 1 2 |  2.2
Dodging        | |  1.2
Invocations    | |  1.9

Action                   |  1- 3 |  4- 6 || total
-------------------------+-------+-------++-------
Melee: Hand axe          |    94 |    80 ||   174
       Headbutt          |    20 |    16 ||    36
Invok: Depart the Abyss  |     1 |       ||     1
  Use: Potion            |       |     4 ||     4
       Scroll            |       |     1 ||     1
Armor: Leather armour    |     4 |       ||     4
       Chain mail        |    45 |    42 ||    87
Dodge: Dodged            |    41 |    35 ||    76
